 Dungeon Crawl Stone Soup version 0.24-a0-529-g0b98641 (webtiles) character file.

Game seed: 2431765642909102186

2885 DrEnzyme the Cutter (level 9, -7/71 HPs)
             Began as a Demigod Wanderer on Aug 6, 2019.
             Mangled by a two-headed ogre
             ... wielding a +0 giant spiked club
              (26 damage)
             ... on level 8 of the Dungeon.
             The game lasted 01:16:27 (12902 turns).

DrEnzyme the Cutter (Demigod Wanderer)             Turns: 12902, Time: 01:16:27

Health: -7/71      AC:  9    Str: 20    XL:     9   Next: 24%
Magic:  3/19       EV: 13    Int: 17    God:
Gold:   269        SH:  0    Dex: 15    Spells: 4/17 levels left

rFire    . . .     SeeInvis +   a - +0 rapier
rCold    . . .     Gourm    .   (no shield)
rNeg     . . .     Faith    .   h - +0 leather armour
rPois    .         Spirit   .   J - +0 helmet of Cothei {*Slow +Inv rElec MR+++}
rElec    +         Reflect  .   H - +2 cloak
rCorr    .         Harm     .   u - +1 pair of gloves
MR       +++..                  (no boots)
Stlth    +++.......             (no amulet)
HPRegen  0.21/turn              B - ring of see invisible
MPRegen  0.16/turn              s - ring of stealth

@: very slightly contaminated
A: high mp 1
a: Evoke Invisibility


You were on level 8 of the Dungeon.
You were not hungry.

You visited 1 branch of the dungeon, and saw 8 of its levels.
You also visited: Sewer.

You collected 373 gold pieces.
You spent 104 gold pieces at shops.

Inventory:

Hand Weapons
 a - a +0 rapier (weapon)
 b - a +0 hunting sling
 L - a +2 vampiric long sword
Missiles
 r - 2 throwing nets (quivered)
 y - 23 sling bullets
Armour
 g - a +2 chain mail of magic resistance
 h - a +0 leather armour (worn)
 k - a +1 robe of the Archmagi
 m - a scarf of resistance
 u - a +1 pair of gloves (worn)
 H - a +2 cloak (worn)
 J - the +0 helmet of Cothei (worn) {*Slow +Inv rElec MR+++}
   (You found it on level 4 of the Dungeon)

   It insulates you from electricity.
   It affects your resistance to hostile enchantments.
   It lets you turn invisible.
   It may slow you when you take damage.
Magical Staves
 x - an uncursed staff of wizardry {unknown}
Jewellery
 s - a ring of stealth (right hand)
 B - a ring of see invisible (left hand)
 G - an uncursed ring of protection from fire
Wands
 d - a wand of acid (3)
 i - a wand of digging (8)
 q - a wand of polymorph (7)
 F - a wand of enslavement (7)
 K - a wand of flame (24)
Scrolls
 e - a scroll of fog
 v - 2 scrolls of amnesia
Potions
 c - a potion of mutation {unknown}
 j - a potion of degeneration {unknown}
 p - 2 potions of lignification {unknown}
 t - 2 potions of heal wounds
 w - a potion of berserk rage {unknown}
 z - a potion of might {unknown}
 A - a potion of haste {unknown}
 D - 2 potions of brilliance {unknown}
 I - 2 potions of curing
Comestibles
 f - 5 rations
 l - a chunk of flesh


   Skills:
 + Level 3.8 Fighting
 + Level 5.4 Short Blades
 + Level 0.2(1.0) Slings
 + Level 1.5(1.6) Throwing
 + Level 1.8 Armour
 + Level 3.6 Dodging
 + Level 3.3 Stealth
   Level 1.0 Shields
 + Level 1.0 Unarmed Combat
 + Level 4.9 Spellcasting
 + Level 3.4 Conjurations
 + Level 3.2 Hexes
 + Level 0.4 Summonings
 + Level 0.9 Translocations
 + Level 0.8 Air Magic
 + Level 3.8 Poison Magic
 + Level 1.5 Evocations


You had 4 spell levels left.
You knew the following spells:

 Your Spells              Type           Power        Failure   Level  Hunger
a - Sting                 Conj/Pois      ###.         3%          1    None
b - Summon Butterflies    Summ           #.......     14%         1    None
c - Tukima's Dance        Hex            ###.....     13%         3    ###....
d - Mephitic Cloud        Conj/Pois/Air  ##......     16%         3    ###....
e - Blink                 Tloc           N/A          17%         2    #......
f - Ignite Poison         Fire/Tmut/Pois #.......     30%         3    ###....

Your spell library contained the following spells:

 Spells                   Type           Power        Failure   Level  Hunger
 Corona                   Hex            ###....      4%          1    None
 Magic Dart               Conj           ###.         4%          1    None
 Slow                     Hex            ###.....     7%          2    #......
 Ensorcelled Hibernation  Hex/Ice        #.....       13%         2    #......
 Confuse                  Hex            ###.....     13%         3    ###....
 Dazzling Spray           Conj/Hex       ###...       13%         3    ###....
 Call Imp                 Summ           #.......     21%         2    #......
 Conjure Flame            Conj/Fire      ##......     24%         3    ###....
 Recall                   Summ/Tloc      N/A          36%         3    ###....


Dungeon Overview and Level Annotations

Branches:
Dungeon (8/15)             Temple (0/1) D:4
   Lair: D:8-11

Shops:
D:6 *   D:8 [

Annotations:
D:1 exclusion: 2 downstairs
D:2 exclusion: downstairs
D:5 exclusion: downstairs
D:7 exclusion: door, Duvessa, Menkaure
D:8 Erica


Innate Abilities, Weirdness & Mutations

You have an increased reservoir of magic. (+10% MP)


Message History

The ogre is engulfed in noxious fumes.
The ogre appears confused.
The gnoll closely misses you. The gnoll hits you but does no damage.
The gnoll barely misses you.
The phantom blinks!
The ogre gestures wildly.
The ogre barely misses the gnoll.
A shadow imp comes into view.
The gnoll barely misses you.
The phantom blinks!
You see here 2 arrows.
You see here an arrow.
The ogre gestures wildly.
The bullfrog croaks.
The bullfrog hits you but does no damage.
The ice beast hits you. The ice beast freezes you!
The two-headed ogre shouts in stereo!
The two-headed ogre hits you with a +0 giant spiked club!!
* * * LOW HITPOINT WARNING * * *
The two-headed ogre hits you with a +0 giant spiked club!!
You die...

#...# ...♣##(#..####. ##..#
.... #..#....# #..#
....♣##..((...# ###.# ...♣
#g5###(..# ....### ###.####..##
. ###...### ###.F.....>..###...
###...#######..Y#####.###......
###........O.######O# #∩.....
#.###...##@#..l..Y###......
#.(....###.#.#.W.#...###...
#####.#......#......## ...
#.#l##.###...#### .#
##.#.##.####.## # #..l.....#
#.# #..#.##..# ...
#.H#.##..#.... #.<#..#..#.


You could see a two-headed ogre, an ice beast, a bullfrog, a gnoll and a shadow
imp.

Vanquished Creatures
  Harold (D:7)
  Grinder (D:3)
  A hungry ghost (D:8)
  A water moccasin (D:6)
  An orc warrior (D:8)
  A sky beast (D:5)
  An ogre (D:6)
  A phantom (D:8)
  A centaur (D:8)
  4 big kobolds (Sewer)
  2 bullfrogs
  A howler monkey (D:7)
  A crimson imp (D:7)
  A bullfrog zombie (D:6)
  2 orc priests
  2 hounds
  A jelly (D:5)
  A gnoll shaman (D:8)
  5 orc wizards
  Jessica (D:2)
  2 iguanas
  Natasha (thrice) (D:2)
  4 worker ants
  2 worker ant zombies
  3 gnolls
  6 river rats
  10 adders
  5 oozes
  An adder zombie (D:7)
  An adder skeleton (D:5)
  3 worms
  2 dart slugs
  5 leopard geckos
  17 orcs
  7 ball pythons
  11 bats
  4 giant cockroaches
  7 goblins
  8 hobgoblins
  7 jackals
  7 kobolds
  4 quokkas
  2 frilled lizards
  A quokka skeleton (D:5)
  10 rats
162 creatures vanquished.

Vanquished Creatures (collateral kills)
  2 orcs
2 creatures vanquished.

Vanquished Creatures (others)
  A dancing weapon (D:8)
1 creature vanquished.

Grand Total: 165 creatures vanquished

Notes
Turn   | Place    | Note
-------+----------+-------------------------------------------
     0 | D:1      | DrEnzyme the Demigod Wanderer began the quest for the Orb.
     0 | D:1      | DrEnzyme set off with the following items: a +0 dagger, a
                  | +0 robe, a ration; and the following spells available to
                  | memorise: Corona, Ensorcelled Hibernation, Sting, Summon
                  | Butterflies, Confuse, Tukima's Dance, Dazzling Spray,
                  | Ignite Poison, Recall
     0 | D:1      | Reached XP level 1. HP: 16/16 MP: 5/5
     6 | D:1      | Learned a level 1 spell: Sting
     8 | D:1      | Learned a level 1 spell: Summon Butterflies
   630 | D:1      | Reached XP level 2. HP: 23/23 MP: 4/7
  1479 | D:2      | Found a shattered altar of Ashenzari.
  1488 | D:2      | Noticed Natasha
  1736 | D:2      | Found a radiant altar of Vehumet.
  1763 | D:2      | Reached XP level 3. HP: 28/28 MP: 6/9
  1793 | D:2      | Learned a level 3 spell: Tukima's Dance
  2259 | D:2      | Noticed Jessica
  2273 | D:2      | Killed Jessica
  2273 | D:2      | Reached skill level 1 in Conjurations
  2778 | D:2      | Found a blossoming altar of Fedhas.
  2822 | D:2      | Killed Natasha
  2822 | D:2      | Reached skill level 1 in Short Blades
  2822 | D:2      | Reached skill level 1 in Poison Magic
  2822 | D:2      | Reached XP level 4. HP: 20/35 MP: 8/10
  3244 | D:3      | Noticed Grinder
  3811 | D:3      | Found a glowing silver altar of Zin.
  4013 | D:3      | Reached skill level 1 in Stealth
  4154 | D:3      | Reached XP level 5. HP: 26/40 MP: 6/12
  4532 | D:4      | Found a staircase to the Ecumenical Temple.
  4585 | D:4      | Found an ornate altar of the Wu Jian Council.
  4763 | D:4      | Found an opulent altar of Gozag.
  4764 | D:4      | Found a burning altar of Makhleb.
  4904 | D:5      | Entered Level 5 of the Dungeon
  5115 | D:5      | Reached XP level 6. HP: 25/47 MP: 10/13
  5276 | D:5      | Found a glowing drain.
  5280 | Sewer    | Entered a sewer
  5394 | Sewer    | Reached skill level 2 in Short Blades
  5956 | Sewer    | Reached XP level 7. HP: 46/53 MP: 10/15
  6088 | D:5      | Found a sparkling altar of Nemelex Xobeh.
  6579 | D:5      | Noticed a hornet
  6652 | D:6      | Found Taklos's General Store.
  6838 | D:6      | Bought a scroll of identify for 26 gold pieces
  7310 | D:6      | Reached skill level 3 in Short Blades
  7911 | D:6      | Bought a potion of curing for 39 gold pieces
  7911 | D:6      | Bought a potion of curing for 39 gold pieces
  8392 | D:6      | Learned a level 3 spell: Mephitic Cloud
  8395 | D:6      | Learned a level 2 spell: Blink
  8534 | D:7      | Noticed Duvessa
  8715 | D:7      | Noticed Harold
  8728 | D:7      | Noticed Menkaure
  8862 | D:7      | Reached XP level 8. HP: 62/62 MP: 17/17
  9278 | D:8      | Reached skill level 4 in Short Blades
  9279 | D:8      | Noticed Erica
  9786 | D:4      | Got a faintly glowing helmet
  9792 | D:4      | Identified the +0 helmet of Cothei {*Slow +Inv rElec MR+++}
                  | (You found it on level 4 of the Dungeon)
  9795 | D:4      | Found a shadowy altar of Dithmenos.
  9954 | D:3      | Killed Grinder
 10276 | D:2      | Noticed Natasha
 10286 | D:2      | Killed Natasha
 10403 | D:2      | Noticed Natasha
 10645 | D:2      | Killed Natasha
 11338 | D:8      | Found a white marble altar of Elyvilon.
 11480 | D:8      | Noticed a hippogriff
 11678 | D:8      | Found Aloeff's Antique Armour Shoppe.
 11810 | D:8      | Noticed a two-headed ogre
 11818 | D:8      | Found a hide-covered altar of Uskayaw.
 12140 | D:7      | Killed Harold
 12140 | D:7      | Reached skill level 5 in Short Blades
 12140 | D:7      | Reached skill level 1 in Armour
 12140 | D:7      | Reached XP level 9. HP: 11/71 MP: 19/19
 12774 | D:8      | Reached skill level 1 in Throwing
 12825 | D:8      | Learned a level 3 spell: Ignite Poison
 12902 | D:8      | Mangled by a two-headed ogre

Levels and vault maps discovered:
D:1:      dpeg_arrival_refuge, layout_loops_ring
D:2:      layout_basic, lemuel_crystal_altar, vehumet_crystals,
          ashenzari_altar_1, minmay_diced_spiral, uniq_natasha, uniq_jessica
D:3:      layout_basic, lemuel_doored_altar, uniq_grinder
D:4:      layout_rooms, kennysheep_little_box, kennysheep_mini_moat,
          gammafunk_temple_overflow_pools, minmay_temple_entry_sparse_star
D:5:      layout_loops_ring, lemuel_crystal_altar, first_ration,
          gup_sewer_entry_bowl
D:6:      layout_loops_cross, serial_shops, nicolae_shop_statue_plus
D:7:      layout_basic, lightli_minifort, uniq_duvessa, uniq_menkaure,
          uniq_harold
D:8:      layout_loops_cross, kennysheep_ying_yang, kennysheep_mini,
          nicolae_ru_awakened_eye, serial_shops, shop, uniq_erica

Skill      XL: |  1  2  3  4  5  6  7  8  9 |
---------------+----------------------------+-----
Spellcasting   | 2 3 4 |  4.9
Conjurations   | 1 2 3 |  3.4
Short Blades   | 1 2 3 5 |  5.4
Poison Magic   | 1 2 3 |  3.8
Stealth        | 1 2 3 |  3.3
Dodging        | 2 3 |  3.6
Hexes          | 3 |  3.2
Fighting       | 2 3 |  3.8
Armour         | 1 |  1.8
Throwing       | 1 |  1.5
Slings         | |  0.2
Shields        | |  1.0
Unarmed Combat | |  1.0
Summonings     | |  0.4
Translocations | |  0.9
Air Magic      | |  0.8
Evocations     | |  1.5

Action                   |  1- 3 |  4- 6 |  7- 9 || total
-------------------------+-------+-------+-------++-------
Melee: Dagger            |    76 |   253 |    90 ||   419
       Rapier            |       |       |   305 ||   305
       Punch             |       |       |     2 ||     2
 Fire: Hunting sling     |       |       |     8 ||     8
Throw: Throwing net      |       |       |     5 ||     5
 Cast: Sting             |    49 |   121 |    92 ||   262
       Summon Butterflie |     2 |     1 |       ||     3
       Tukima's Dance    |     1 |     4 |     5 ||    10
       Mephitic Cloud    |       |       |    15 ||    15
       Blink             |       |       |     7 ||     7
Evoke: Wand              |       |       |    12 ||    12
  Use: Potion            |     2 |       |     3 ||     5
       Scroll            |       |     3 |    14 ||    17
 Stab: Sleeping          |     1 |     1 |     9 ||    11
       Distracted        |       |       |     2 ||     2
       Confused          |       |       |     2 ||     2
  Eat: Ration            |     2 |       |     7 ||     9
       Chunk             |     1 |     9 |    11 ||    21
Armor: Robe              |    37 |    74 |    59 ||   170
       Leather armour    |       |       |    40 ||    40
Dodge: Dodged            |    77 |   165 |   255 ||   497

Table legend:
 A = Non-vault XP
 B = Vault XP
 C = Vault XP percentage of total XP
 D = Non-vault monster count
 E = Vault monster count
 F = Vault count percentage of total count
                 A         B        C        D         E       F
            +---------+---------+-------+---------+---------+-------
      Total |    2294 |    1828 |  44.3 |     124 |      40 |  24.4
            +---------+---------+-------+---------+---------+-------
        D:1 |      26 |       0 |   0.0 |      13 |       0 |   0.0
        D:2 |     148 |      97 |  39.6 |      20 |       7 |  25.9
        D:3 |     141 |     267 |  65.4 |      29 |       1 |   3.3
        D:4 |      89 |       0 |   0.0 |       5 |       0 |   0.0
        D:5 |     295 |      19 |   6.1 |      21 |       3 |  12.5
        D:6 |     487 |       0 |   0.0 |      13 |       0 |   0.0
        D:7 |     238 |     918 |  79.4 |       8 |       1 |  11.1
        D:8 |     870 |       0 |   0.0 |      15 |       0 |   0.0
      Sewer |       0 |     527 | 100.0 |       0 |      28 | 100.0
            +---------+---------+-------+---------+---------+-------
